 Dungeon Crawl Stone Soup version 0.30-a0-782-ge64f9170bb (webtiles) character file.

Game seed: 1088039101574970797

37926 funkygono the Severer (level 13, 0/122 HPs)
             Began as a Minotaur Fighter on Mar 15, 2023.
             Was the Champion of Okawaru.
             Slain by a 16-headed hydra (2 damage)
             ... on level 5 of the Lair of Beasts.
             The game lasted 00:38:21 (13140 turns).

funkygono the Severer (Minotaur Fighter)           Turns: 13140, Time: 00:38:22

Health: 0/122      AC: 23    Str: 24    XL:     13   Next: 61%
Magic:  12/12      EV:  9    Int:  5    God:    Okawaru [******]
Gold:   627        SH: 14    Dex: 14    Spells: 12/12 levels left

rFire   + . .      SeeInvis +    n - +6 war axe of World's End {freeze, rElec}
rCold   + . .      Faith    .    T - +2 kite shield
rNeg    . . .      Spirit   .    V - +3 chain mail {Will+}
rPois   .          Reflect  .    g - +0 mask of the Dragon {Will+ Slay+3 SInv}
rElec   +          Harm     .    B - scarf {rC+ rF+}
rCorr   +          Rampage  .    (no gloves)
Will    ++...                    I - +2 pair of boots Stlth
                                 t - amulet of Vuuroedgh {Regen+ Dex+2}
HPRegen 1.20/turn                M - +4 ring of protection
MPRegen 0.13/turn                C - ring of resist corrosion

@: frozen, studying Evocations, very slow
A: horns 2, retaliatory headbutt
a: Renounce Religion, Heroism, Finesse, Duel


You were on level 5 of the Lair of Beasts.
You worshipped Okawaru.
Okawaru was exalted by your worship.
You visited 3 branches of the dungeon, and saw 16 of its levels.
You also visited: Ossuary and Gauntlet.

You collected 1131 gold pieces.
You spent 504 gold pieces at shops.

Inventory:

Hand Weapons
 n - the +6 war axe of World's End (weapon) {freeze, rElec}
   (Okawaru gifted it to you on level 4 of the Lair of Beasts)

   rElec:     It insulates you from electricity.
 u - a +3 battleaxe of flaming
 D - a +5 war axe of draining
 N - a +5 hand axe of freezing
 X - the +1 broad axe "Alaxt" {drain, rC+ Int+4 Dex+4 Stlth+}
   (You found it on level 2 of the Lair of Beasts)

   Int:       It affects your intelligence (+4).
   Dex:       It affects your dexterity (+4).
   rC:        It protects you from cold.
   Stlth:     It makes you more stealthy.
Missiles
 f - 11 javelins
 q - 11 boomerangs (quivered)
 P - 4 poisoned darts
Armour
 g - the +0 mask of the Dragon (worn) {Will+ Slay+3 SInv}
   (You found it in a Gauntlet)

   Slay:      It affects your accuracy & damage with ranged weapons and melee
   (+3).
   SInv:      It lets you see invisible.
   Will:      It increases your willpower.
 k - a +1 troll leather armour {Snorg}
 v - a +1 plate armour
 B - a scarf of resistance (worn)
 I - a +2 pair of boots (worn)
 T - a +2 kite shield (worn)
 V - a +3 chain mail of willpower (worn)
Jewellery
 a - the amulet "Goipnex" {+Blink Regen+ Dex+2}
   (You found it on level 4 of the Lair of Beasts)

   [amulet of regeneration]

   Dex:       It affects your dexterity (+2).
   +Blink:    It lets you blink.
   Regen:     It increases your rate of health regeneration.
 c - a +4 ring of protection
 e - an amulet of regeneration
 t - the amulet of Vuuroedgh (around neck) {Regen+ Dex+2}
   (You found it on level 3 of the Dungeon)

   [amulet of regeneration]

   Dex:       It affects your dexterity (+2).
   Regen:     It increases your rate of health regeneration.
 C - a ring of resist corrosion (right hand)
 F - a ring of poison resistance
 M - a +4 ring of protection (left hand)
 W - the ring of Harmony {Drain +Blink rElec Int+6}
   (You found it on level 2 of the Lair of Beasts)

   [ring of intelligence]

   Int:       It affects your intelligence (+6).
   rElec:     It insulates you from electricity.
   +Blink:    It lets you blink.
   Drain:     It drains your maximum health when unequipped.
Wands
 j - a wand of acid (10)
 s - a wand of mindburst (8)
 H - a wand of flame (64)
 J - a wand of digging (10)
 Q - a wand of roots (6)
Scrolls
 h - 6 scrolls of enchant armour
 i - a scroll of fog
 o - 5 scrolls of fear
 y - 3 scrolls of blinking
 E - 4 scrolls of magic mapping
 L - 9 scrolls of identify
 R - a scroll of silence
 U - 2 scrolls of amnesia
Potions
 b - 4 potions of mutation
 d - 6 potions of might
 l - a potion of resistance
 m - 2 potions of magic
 p - 3 potions of flight
 r - 8 potions of curing
 w - a potion of invisibility
 x - 3 potions of haste
 z - 4 potions of cancellation
 A - 2 potions of heal wounds
 G - 3 potions of berserk rage
 K - 3 potions of ambrosia


   Skills:
 + Level 13.3 Fighting
 + Level 18.1 Axes
 + Level 0.1 Throwing
 + Level 13.2 Armour
 + Level 5.1 Dodging
 + Level 2.2 Stealth
 + Level 10.8 Shields
 + Level 0.7 Evocations


You had 12 spell levels left.
You didn't know any spells.
Your spell library contained the following spells:

 Spells                   Type           Power      Damage    Failure   Level
 Sting                    Tmut/Pois      0%         1d3       99%         1
 Blink                    Tloc           0%         N/A       100%        2
 Cigotuvi's Dreadful Rot  Necr/Pois/Air  0%         N/A       100%        2
 Lesser Beckoning         Tloc           0%         N/A       100%        2
 Poisonous Vapours        Pois/Air       0%         N/A       100%        2
 Scorch                   Fire           0%         2d5       100%        2
 Frozen Ramparts          Ice            0%         1d1       100%        3
 Gell's Gravitas          Tloc           0%         N/A       100%        3
 Spider Form              Tmut/Pois      0%         N/A       100%        3
 Teleport Other           Tloc           0%         N/A       100%        3
 Airstrike                Air            0%         2d(0-16)  100%        4
 Cause Fear               Hex            0%         N/A       100%        4
 Dispel Undead            Necr           0%         3d6       100%        4
 Flame Wave               Conj/Fire      0%         2d4       100%        4
 Ice Form                 Ice/Tmut       0%         N/A       100%        4
 Manifold Assault         Tloc           0%         N/A       100%        4
 Olgreb's Toxic Radiance  Pois           0%         N/A       100%        4
 Petrify                  Tmut/Erth      0%         N/A       100%        4
 Lightning Bolt           Conj/Air       0%         1d11      100%        5
 Metabolic Englaciation   Hex/Ice        0%         N/A       100%        5
 Statue Form              Tmut/Erth      0%         N/A       100%        6
 Dragon Form              Tmut           0%         N/A       100%        7
 Ozocubu's Refrigeration  Ice            0%         4d7       100%        7
 Storm Form               Tmut/Air       0%         N/A       100%        7
 Borgnjor's Revivificati  Necr           0%         N/A       100%        8
 Necromutation            Tmut/Necr      0%         N/A       100%        8
 Death's Door             Necr           0%         N/A       100%        9
 Summon Lightning Spire   Summ/Air       Unusable   N/A       N/A         4
 Death Channel            Necr           Unusable   N/A       N/A         6
 Summon Cactus Giant      Summ           Unusable   N/A       N/A         6
 Dragon's Call            Summ           Unusable   N/A       N/A         9

Dungeon Overview and Level Annotations

Branches:
Dungeon (10/15)            Temple (1/1) D:7            Lair (5/5) D:8
  Swamp (0/4) Lair:2        Snake (0/4) Lair:2        Slime (0/5) Lair:4
Ossuary (visited)         Gauntlet (visited)
    Orc: D:9-12

Altars:
Ashenzari
Cheibriados
Dithmenos
Elyvilon
Fedhas
Gozag
Hepliaklqana
Kikubaaqudgha
Makhleb
Nemelex Xobeh
Okawaru
Qazlal
Ru
Sif Muna
Trog
Uskayaw
Vehumet
Wu Jian
Xom
Yredelemnul
Zin
The Shining One

Shops:
D:10 =

Annotations:
D:8 1 runed translucent door, wogdood's ghost, novice TrGl
Lair:1 1 runed translucent door, Xyukig's ghost, journeyman NaNe


Innate Abilities, Weirdness & Mutations

You have a pair of horns on your head.
You reflexively headbutt those who attack you in melee.


Message History

You feel much better.
The 15-headed hydra is no longer moving slowly.
You block the rime drake's attack.
You slash the rime drake! You freeze the rime drake.
You headbutt the rime drake.
The rime drake is moderately wounded.
You barely miss the 15-headed hydra. The 15-headed hydra bites you.
You block the 15-headed hydra's attack. The 15-headed hydra bites you.
The 15-headed hydra bites you but does no damage.
You block the 15-headed hydra's attack.
The 15-headed hydra bites you but does no damage. x2
The 15-headed hydra bites you!
* * * LOW HITPOINT WARNING * * *
You block the 15-headed hydra's attack.
The 15-headed hydra bites you but does no damage. x3
The 15-headed hydra bites you!
* * * LOW HITPOINT WARNING * * *
You block the 15-headed hydra's attack.
The 15-headed hydra bites you but does no damage.
The rime drake bites you but does no damage.
You slash the rime drake! You freeze the rime drake.
Your headbutt misses the rime drake.
The rime drake is severely wounded.
You slice one of the 15-headed hydra's heads off!
The 14-headed hydra grows two more!
You slash the 16-headed hydra! You freeze the 16-headed hydra.
You block the 16-headed hydra's attack.
The 16-headed hydra bites you but does no damage.
You block the 16-headed hydra's attack. The 16-headed hydra closely misses you.
The 16-headed hydra bites you!
* * * LOW HITPOINT WARNING * * *
The 16-headed hydra bites you.
* * * LOW HITPOINT WARNING * * *
The 16-headed hydra bites you.
* * * LOW HITPOINT WARNING * * *
You block the 16-headed hydra's attack.
The 16-headed hydra bites you but does no damage. x3
The 16-headed hydra closely misses you.
The 16-headed hydra bites you but does no damage. x2
The 16-headed hydra bites you.
You die...

#.#.......####
.#...<....###
..............#
.............##
..........P###
.#.......).##.###
#..........##?.##
#..............~##PP#
~....~.~~~@k...~.).~~
##P~~#~~##D~~#~~~~~~
#~~~#~~##~~#P~~##~~
~P~~~~~~~~~~~~~~~
~~~##~~~#~~#~.P##~ #~
~~~~~~~~~~.~# ~ #
~~.~~~#.~.~~P#
#~~~.~.~~~~~.#


You could see a 16-headed hydra and a rime drake.

Vanquished Creatures
  Nessos (Lair:3)
  A minotaur (Gauntlet)
  Snorg (Lair:4)
  The ghost of emiel the Thaumaturge, a journeyman KoEE of Vehumet (Lair:2)
  Harold (D:10)
  A hydra (Lair:4)
  A tengu warrior (D:10)
  4 death yaks (Lair:3)
  2 skysharks
  6 oklob plants (Lair:4)
  A moth of wrath (Gauntlet)
  3 black mambas
  4 cane toads
  An unseen horror (D:10)
  3 rime drakes
  5 komodo dragons
  A minotaur zombie (Gauntlet)
  A queen bee (Lair:2)
  2 trolls (D:10)
  2 polar bears
  A wind drake (Lair:5)
  4 hornets
  14 blink frogs
  A raiju (Gauntlet)
  Sigmund (D:5)
  A shadow (D:10)
  A slime creature (D:7)
  6 wyverns
  46 yaks
  3 redbacks (Gauntlet)
  3 vampire mosquitoes (Lair:2)
  2 steam dragons
  Grum (D:8)
  2 swamp worms (Gauntlet)
  2 wargs (D:8)
  6 water moccasins
  2 nagas (Lair:2)
  2 sky beasts
  4 orc warriors
  3 ice beasts
  4 black bears
  An ogre (D:5)
  24 wolves
  3 centaurs
  A phantom (D:3)
  12 bullfrogs
  2 scorpions
  3 necrophages
  Blork the orc (D:5)
  2 gnoll sergeants (D:9)
  7 wights
  27 killer bees
  6 orc priests
  A gnoll bouda (D:7)
  A hound (D:5)
  5 iguanas
  10 orc wizards
  A lightning spire (Gauntlet)
  8 mummies (Ossuary)
  24 gnolls
  8 adders
  A shadow imp (D:7)
  2 white imps
  An ufetubus (D:6)
  3 worms
  26 orcs
  4 ball pythons
  6 bats
  5 endoplasms
  3 giant cockroaches
  2 gnoll zombies (Ossuary)
  6 goblins
  13 hobgoblins
  3 jackals (D:4)
  5 kobolds
  A quokka (D:2)
  5 frilled lizards
  A goblin zombie (D:6)
  5 hobgoblin zombies (Ossuary)
  A kobold zombie (Ossuary)
  6 rats
397 creatures vanquished.

Vanquished Creatures (others)
  An orc (D:7)
  24 fungi
  26 plants
  4 withered plants (Gauntlet)
55 creatures vanquished.

Grand Total: 452 creatures vanquished

Notes
Turn   | Place    | Note
-------+----------+-------------------------------------------
     0 | D:1      | funkygono the Minotaur Fighter began the quest for the Orb.
     0 | D:1      | Reached XP level 1. HP: 19/19 MP: 0/0
   145 | D:1      | Reached XP level 2. HP: 27/27 MP: 1/1
   670 | D:2      | Reached XP level 3. HP: 33/33 MP: 2/2
   877 | D:2      | Reached skill level 3 in Axes
   882 | D:2      | Reached XP level 4. HP: 15/40 MP: 3/3
  1862 | D:3      | Reached XP level 5. HP: 45/47 MP: 4/4
  1983 | D:3      | Identified the amulet of Vuuroedgh {Regen+ Dex+2}
  2125 | D:3      | Noticed a phantom
  2139 | D:3      | Killed a phantom
  2140 | D:3      | Reached skill level 4 in Axes
  2140 | D:3      | Reached skill level 5 in Armour
  2326 | D:4      | Reached skill level 5 in Axes
  2326 | D:4      | Reached XP level 6. HP: 41/53 MP: 5/5
  2395 | D:4      | Reached skill level 1 in Dodging
  2411 | D:4      | Got the Octavo of Ice
  2442 | D:4      | Reached skill level 5 in Fighting
  2692 | D:5      | Entered Level 5 of the Dungeon
  2692 | D:5      | Found a stormy altar of Qazlal.
  2727 | D:5      | Noticed a sky beast
  2734 | D:5      | Killed a sky beast
  2735 | D:5      | Reached skill level 6 in Axes
  2735 | D:5      | Reached XP level 7. HP: 61/61 MP: 6/6
  2866 | D:5      | Noticed Blork the orc
  2885 | D:5      | Killed Blork the orc
  2886 | D:5      | Reached skill level 7 in Axes
  2886 | D:5      | Reached skill level 5 in Shields
  3008 | D:5      | Noticed Sigmund
  3010 | D:5      | Reached XP level 8. HP: 70/70 MP: 7/7
  3021 | D:5      | Killed Sigmund
  3022 | D:5      | Reached skill level 8 in Axes
  3603 | D:6      | Reached skill level 9 in Axes
  3647 | D:6      | Found a sand-covered staircase.
  3653 | Ossuary  | Entered an ossuary
  3915 | D:6      | Reached skill level 10 in Axes
  3929 | D:6      | Reached XP level 9. HP: 71/78 MP: 8/8
  4171 | D:6      | Reached skill level 11 in Axes
  4830 | D:7      | Reached skill level 12 in Axes
  5039 | D:7      | Reached XP level 10. HP: 52/88 MP: 9/9
  5131 | D:7      | Found a staircase to the Ecumenical Temple.
  5180 | Temple   | Entered the Ecumenical Temple
  5334 | D:7      | Found an iron altar of Okawaru.
  5340 | D:7      | Became a worshipper of Warmaster Okawaru
  5521 | D:8      | Found a runed translucent door.
  5521 | D:8      | Noticed a centaur warrior
  5534 | D:8      | Noticed wogdood's ghost (novice TrGl)
  5599 | D:8      | Paralysed by a hornet for 2 turns
  5652 | D:8      | Found a shimmering altar of Xom.
  5655 | D:8      | Found a burning altar of Makhleb.
  5656 | D:8      | Found a radiant altar of Vehumet.
  5656 | D:8      | Found a shadowy altar of Dithmenos.
  5657 | D:8      | Found a sparkling altar of Nemelex Xobeh.
  5660 | D:8      | Found a shimmering blue altar of Sif Muna.
  5822 | D:8      | Noticed Grum
  5832 | D:8      | Killed Grum
  5837 | D:8      | Reached * piety under Okawaru
  5842 | D:8      | Reached skill level 13 in Axes
  5890 | D:8      | Found a staircase to the Lair.
  5902 | D:8      | Reached skill level 10 in Armour
  6001 | D:8      | Noticed a manticore
  6003 | D:8      | Noticed a purple ugly thing
  6007 | D:8      | Noticed a tengu warrior
  6381 | D:9      | Reached ** piety under Okawaru
  6665 | D:9      | Found a hide-covered altar of Uskayaw.
  6672 | D:9      | Found a basalt altar of Yredelemnul.
  7032 | D:10     | Entered Level 10 of the Dungeon
  7103 | D:10     | Reached skill level 14 in Axes
  7106 | D:10     | Reached *** piety under Okawaru
  7167 | D:10     | Found a broken altar of Ashenzari.
  7259 | D:10     | Reached XP level 11. HP: 96/97 MP: 10/10
  7264 | D:10     | Noticed a tengu warrior
  7271 | D:10     | Killed a tengu warrior
  7283 | D:10     | Found the +18 Lear's hauberk
  7389 | D:10     | Reached **** piety under Okawaru
  7479 | D:10     | Noticed Harold
  7490 | D:10     | Killed Harold
  7491 | D:10     | Found Kownah's Jewellery Boutique.
  7532 | D:10     | Bought a +4 ring of protection for 504 gold pieces
  7673 | D:10     | Reached skill level 10 in Fighting
  8211 | Lair:1   | Entered Level 1 of the Lair of Beasts
  8241 | Lair:1   | Reached skill level 15 in Axes
  8439 | Lair:1   | Reached ***** piety under Okawaru
  8512 | Lair:1   | Reached skill level 1 in Stealth
  8840 | Lair:1   | Found a runed translucent door.
  8840 | Lair:1   | Found a shimmering altar of Xom.
  8840 | Lair:1   | Noticed Xyukig's ghost (journeyman NaNe)
  8840 | Lair:1   | Noticed a +1 war axe of chaos
  9225 | Lair:2   | Noticed emiel's ghost (journeyman KoEE)
  9254 | Lair:2   | Found a transporter.
  9256 | Lair:2   | Received a gift from Okawaru
  9271 | Lair:2   | Found a transporter.
  9427 | Lair:2   | Found a staircase to the Snake Pit.
  9440 | Lair:2   | Reached XP level 12. HP: 105/110 MP: 11/11
  9467 | Lair:2   | Found a hazy altar of Hepliaklqana.
  9480 | Lair:2   | Found a gate leading to a gauntlet.
  9496 | Gauntlet | Entered a Gauntlet
  9496 | Gauntlet | Found a transporter.
  9496 | Gauntlet | Found a transporter.
  9513 | Gauntlet | Found a transporter.
  9531 | Gauntlet | Found a transporter.
  9531 | Gauntlet | Found a transporter.
  9531 | Gauntlet | Found a transporter.
  9533 | Gauntlet | Found a transporter.
  9533 | Gauntlet | Found a transporter.
  9550 | Gauntlet | Found the +0 mask of the Dragon {Will+ Slay+3 SInv}
  9552 | Gauntlet | Found a transporter.
  9566 | Gauntlet | Noticed a two-headed ogre
  9568 | Gauntlet | Found a transporter.
  9568 | Gauntlet | Noticed an entropy weaver
  9575 | Gauntlet | Noticed an entropy weaver
  9576 | Gauntlet | Noticed a death scarab
  9577 | Gauntlet | Noticed a death scarab
  9578 | Gauntlet | Found a transporter.
  9579 | Gauntlet | a two-headed ogre changed into a merfolk
  9592 | Gauntlet | Found a transporter.
  9626 | Gauntlet | Found a transporter.
  9628 | Gauntlet | Found a runed translucent door.
  9635 | Gauntlet | Found a runed translucent door.
  9639 | Gauntlet | Found a transporter.
  9832 | Gauntlet | Noticed a jorogumo
  9835 | Gauntlet | a jorogumo changed into a tyrant leech
  9839 | Gauntlet | a tyrant leech changed into a radroach
  9839 | Gauntlet | Noticed a radroach (glowing shapeshifter)
  9840 | Gauntlet | a radroach changed into an ettin
  9840 | Gauntlet | Noticed an ettin (glowing shapeshifter)
  9841 | Gauntlet | an ettin changed into a quicksilver ooze
  9841 | Gauntlet | Noticed a quicksilver ooze (glowing shapeshifter)
  9843 | Gauntlet | a quicksilver ooze changed into something unseen
  9848 | Gauntlet | Noticed a death yak
  9849 | Gauntlet | a death yak changed into a minotaur
  9849 | Gauntlet | Noticed a minotaur (glowing shapeshifter)
  9851 | Gauntlet | a minotaur changed into a great orb of eyes
  9851 | Gauntlet | Noticed a great orb of eyes (glowing shapeshifter)
  9854 | Gauntlet | a great orb of eyes changed into something unseen
  9858 | Gauntlet | Noticed an alligator snapping turtle
  9966 | Gauntlet | Reached skill level 16 in Axes
 10021 | Gauntlet | a salamander changed into an entropy weaver
 10021 | Gauntlet | Noticed an entropy weaver (glowing shapeshifter)
 10026 | Gauntlet | an entropy weaver changed into a troll
 10115 | Gauntlet | Noticed an entropy weaver
 10126 | Gauntlet | Noticed a minotaur
 10134 | Gauntlet | Killed a minotaur
 10203 | Gauntlet | Got the Enchiridion on Changing
 10255 | Lair:2   | Reached ****** piety under Okawaru
 10430 | Lair:2   | Found a staircase to the Swamp.
 10700 | Lair:2   | Killed emiel's ghost
 10700 | Lair:2   | Received a gift from Okawaru
 10783 | Lair:2   | Identified the +1 broad axe "Alaxt" {drain, rC+ Int+4 Dex+4
                  | Stlth+}
 10785 | Lair:2   | Identified the ring of Harmony {Drain +Blink rElec Int+6}
 10969 | Lair:3   | Reached skill level 17 in Axes
 11100 | Lair:3   | Received a gift from Okawaru
 11153 | Lair:3   | Noticed Nessos
 11182 | Lair:3   | Killed Nessos
 11354 | Lair:3   | Noticed a death yak
 11357 | Lair:3   | Noticed a death yak
 11357 | Lair:3   | Noticed a death yak
 11361 | Lair:3   | Noticed a death yak
 11369 | Lair:3   | Killed a death yak
 11371 | Lair:3   | Reached XP level 13. HP: 99/119 MP: 10/12
 12072 | Lair:4   | Found a staircase to the Slime Pits.
 12305 | Lair:4   | Reached skill level 10 in Shields
 12328 | Lair:4   | Identified the amulet "Goipnex" {+Blink Regen+ Dex+2}
 12420 | Lair:4   | Noticed Snorg
 12430 | Lair:4   | Killed Snorg
 12984 | Lair:4   | Identified the +6 war axe of World's End {freeze, rElec}
                  | (Okawaru gifted it to you on level 4 of the Lair of Beasts)
 12984 | Lair:4   | Received a gift from Okawaru
 12985 | Lair:4   | Reached skill level 5 in Dodging
 12987 | Lair:4   | Reached skill level 18 in Axes
 13045 | Lair:5   | Entered Level 5 of the Lair of Beasts
 13140 | Lair:5   | HP: 2/122 [16-headed hydra (5)]
 13140 | Lair:5   | Slain by a 16-headed hydra

Illustrated notes

Levels and vault maps discovered:
D:1:      dreamdust_arrival_beginning_and_end, layout_loops_ring, nicolae_titane
D:2:      layout_basic, serial_curves, eino_curves_01, eino_curves_03,
          minmay_misc_feat_diagonals, nrook_campfire
D:3:      corexii_shack_village, layout_basic
D:4:      layout_rooms
D:5:      layout_loops_ring, nicolae_qazlal_eye_of_the_storm, uniq_sigmund,
          uniq_blork_the_orc
D:6:      layout_gridville, enter_ossuary_3, dk_noncrumbling_3
D:7:      layout_cave_pools, kennysheep_little_box, minmay_temple_entry_hall,
          serial_rivers, chequers_serial_rivers_small_3,
          chequers_serial_rivers_micro_b, chequers_serial_rivers_marsh,
          chequers_serial_rivers_room_a, nicolae_concentric_dashed_squares_wild,
          minmay_manual_mail
D:8:      layout_loops_ring, minitemple, erik_lair_orcish_takeover,
          ebering_ghost_inner_flame, onia_ninara_dug_in_and_dangerous, uniq_grum
D:9:      layout_loops_ring, mainiacjoe_overflow_big_doors
D:10:     layout_basic, lemuel_coloured_pillars_altar, serial_shops,
          nicolae_shop_stone, hangedman_abyss_or_decor_slice,
          hellmonk_guarded_unrand_lears, uniq_harold
Temple:   hellmonk_temple_of_storms
Lair:1:   layout_cave_pods, ebering_ghost_xom
Lair:2:   layout_cave_shapes, minmay_swamp_entry_swarm,
          minmay_snake_entry_guardpost_small, gauntlet_entry_generic,
          gammafunk_ghost_hive, basic_altar
Lair:3:   layout_concentric_octagons, uniq_nessos
Lair:4:   layout_hall_layers, minmay_slime_entry_oklob_open, uniq_snorg
Lair:5:   gammafunk_lair_ancient_temple, layout_cave_pods, uniq_urug

Skill      XL: |  1  2  3  4  5  6  7  8  9 10 11 12 13 |
---------------+----------------------------------------+-----
Armour         | 4 5 6 7 9 10 11 12 13 | 13.2
Fighting       | 4 5 6 7 9 11 12 13 | 13.3
Shields        | 4 5 6 7 9 10 | 10.8
Axes           | 3 5 6 7 10 12 14 15 17 18 | 18.1
Dodging        | 1 2 3 4 5 |  5.1
Stealth        | 2 |  2.2
Throwing       | |  0.1
Evocations     | |  0.7

Action                     |  1- 3 |  4- 6 |  7- 9 | 10-12 | 13-15 || total
---------------------------+-------+-------+-------+-------+-------++-------
  Melee: War axe           |    66 |   128 |   152 |   373 |    27 ||   746
         Headbutt          |     8 |    28 |    33 |    90 |    38 ||   197
         Broad axe         |       |       |       |    62 |   104 ||   166
  Throw: Boomerang         |       |       |     1 |       |       ||     1
 Invoke: Heroism           |       |       |       |     1 |       ||     1
  Evoke: Wand              |       |       |       |     2 |     2 ||     4
    Use: Scroll            |       |       |    20 |    10 |     1 ||    31
         Potion            |       |       |       |     2 |     2 ||     4
 Armour: Scale mail        |    34 |    19 |       |       |       ||    53
         Plate armour      |       |    36 |    78 |   118 |       ||   232
         Chain mail        |       |       |       |   148 |    90 ||   238
  Dodge: Dodged            |    36 |    62 |    42 |   159 |    49 ||   348
  Block: Buckler           |    20 |    35 |    29 |    54 |       ||   138
         Kite shield       |       |       |       |   195 |   104 ||   299

Table legend: (Time is in decaauts)
 A = Elapsed time spent in this place.
 B = Non-inter-level travel time spent in this place.
 C = Inter-level travel time spent in this place.
 D = Time resting spent in this place.
 E = Time spent auto-exploring this place.
 F = Levels seen in this place.
 G = Mean time per level.
                   A        B        C        D        E       F      G
               +--------+--------+--------+--------+--------+-----+--------+
         Total |  13147 |  12601 |    546 |    106 |   9038 |  18 |  730.4 |
       Dungeon |   8009 |   7638 |    371 |    106 |   5645 |  10 |  800.9 |
        Temple |     67 |     67 |      0 |      0 |     24 |   1 |   67.0 |
          Lair |   4111 |   3937 |    174 |      0 |   3134 |   5 |  822.2 |
       Ossuary |    217 |    217 |      0 |      0 |    109 |   1 |  217.0 |
      Gauntlet |    741 |    741 |      0 |      0 |    126 |   1 |  741.0 |
               +--------+--------+--------+--------+--------+-----+--------+

Top non-repeatable levels by time:
  Lair:3: 1075 daAuts
     D:2: 1064 daAuts
  Lair:1: 1005 daAuts
  Lair:4: 1002 daAuts
     D:8: 958 daAuts
  Lair:2: 936 daAuts
     D:6: 933 daAuts
     D:9: 902 daAuts
    D:10: 832 daAuts
     D:5: 827 daAuts
     D:7: 788 daAuts
Gauntlet: 741 daAuts
     D:1: 677 daAuts
     D:3: 543 daAuts
     D:4: 482 daAuts
